 Dungeon Crawl Stone Soup version 0.31.0-11-ge490571c62 (webtiles) character file.

Game seed: 12389088002756059032

265891 Flugkiller the Metamorph (level 18, 3/158 (160) HPs)
             Began as a Demigod Shapeshifter on Jan 30, 2024.
             Quit the game on level 1 of the Vaults.
             The game lasted 00:56:52 (45962 turns).

Flugkiller the Metamorph (Demigod Shapeshifter)    Turns: 45962, Time: 00:56:53

HP:   3/158 (160)   AC: 28    Str: 31    XL:     18   Next: 60%
MP:   1/23          EV: 19    Int: 12    God:
Gold: 1873          SH:  0    Dex: 25    Spells: 17/17 levels left

rFire   . .          .
                       - Unarmed
rCold   + . .        (shield currently unavailable)
rNeg    . . .        k - +3 storm dragon scales {Bai Suzhen}
rPois   +            D - +2 helmet
rElec   +            B - +1 cloak
rCorr   .            (gloves currently unavailable)
SInv    .            x - +2 pair of boots
Will    +++..        C - amulet "Kuamoeck" {Spirit ^Drain rPois Regen+ Str+4} Stlth
                     c - ring of protection from cold
HPRegen 1.26/turn    m - ring of willpower
MPRegen 0.18/turn

%: guardian spirit
@: mighty, blade hands, frozen, hasted, lightly drained, quick
A: high MP 2, forlorn, divine attributes, talons 1, strong-willed 1, poison
resistance
}: 2/15 runes: barnacled, gossamer
a: Begin Untransformation


You were on level 1 of the Vaults.
You had blades for hands.
You visited 6 branches of the dungeon, and saw 31 of its levels.
You also visited: Sewer and Ossuary.

You collected 3233 gold pieces.
You spent 1360 gold pieces at shops.

Inventory:

Missiles
 u - 3 throwing nets (quivered)
 O - a curare-tipped dart
Armour
 k - +3 storm dragon scales (worn) {Bai Suzhen}
   (You found it on level 3 of the Shoals)
 o - a +3 plate armour of fire resistance
   (You took it off Donald on level 2 of the Spider Nest)
 x - a +2 pair of boots (worn)
   (You found it on level 4 of the Dungeon)
 B - a +1 cloak (worn)
   (You took it off Nikola on level 2 of the Spider Nest)
 D - a +2 helmet (worn)
   (You found it on level 7 of the Dungeon)
Jewellery
 c - a ring of protection from cold (left blade hand)
   (You found it on level 1 of the Lair of Beasts)
 f - a ring of protection from fire
   (You found it on level 11 of the Dungeon)
 i - a ring of see invisible
   (You found it on level 4 of the Shoals)
 l - the ring of Eternal Harmony {rN+ Will- Dex+3 SInv}
   (You found it on level 7 of the Dungeon)

   [ring of see invisible]

   Dex+3:     It affects your dexterity (+3).
   rN+:       It protects you from negative energy.
   Will-:     It decreases your willpower.
   SInv:      It lets you see invisible.
 m - a ring of willpower (right blade hand)
   (You found it on level 7 of the Dungeon)
 p - a ring of protection from fire
   (You found it on level 10 of the Dungeon)
 C - the amulet "Kuamoeck" (around neck) {Spirit ^Drain rPois Regen+ Str+4}
   (You bought it in a shop on level 10 of the Dungeon)

   [amulet of guardian spirit]

   Spirit:    It causes incoming damage to be divided between your reserves of
   health and magic.
   Str+4:     It affects your strength (+4).
   rPois:     It protects you from poison Regen+: It increases your rate of
   health regeneration.
   ^Drain:    It drains your maximum health when unequipped.
 G - a +6 ring of intelligence
   (You found it on level 3 of the Spider Nest)
 W - the ring of Haviciomu {Fly rCorr}
   (You found it on level 4 of the Shoals)

   [ring of flight]

   Fly:       It grants you flight.
   rCorr:     It protects you from acid and corrosion.
Talismans
 H - a blade talisman (active)
   (You found it on level 8 of the Dungeon)
Wands
 a - a wand of light (5)
   (You found it on level 4 of the Spider Nest)
 e - a wand of flame (21)
   (You found it in a sewer)
 s - a wand of charming (8)
   (You took it off a kobold on level 6 of the Dungeon)
 A - a wand of roots (9)
   (You found it on level 4 of the Dungeon)
 M - a wand of polymorph (5)
   (You found it on level 9 of the Dungeon)
 S - a wand of mindburst (10)
   (You found it on level 1 of the Lair of Beasts)
Scrolls
 g - a scroll of brand weapon
 j - 3 scrolls of poison
 r - 11 scrolls of identify
 t - a scroll of fear
 y - 5 scrolls of fog
 z - a scroll of blinking
 F - 3 scrolls of enchant armour
 K - 2 scrolls of amnesia
 L - a scroll of silence
 P - 2 scrolls of vulnerability
Potions
 b - 2 potions of lignification
 d - 4 potions of might
 h - a potion of haste
 n - a potion of resistance
 q - 3 potions of curing
 v - 2 potions of cancellation
 w - 6 potions of attraction
 Q - 4 potions of enlightenment
 R - 13 potions of ambrosia
 V - 4 potions of mutation
 Y - 2 potions of invisibility
Miscellaneous
 T - a condenser vane
   (You found it on level 1 of the Lair of Beasts)


   Skills:
 - Level 14.0 Fighting
 - Level 12.0 Armour
 - Level 12.0 Dodging
 + Level 13.8 Unarmed Combat
 - Level 4.0 Evocations
 - Level 19.0 Shapeshifting


You had 17 spell levels left.
You didn't know any spells.
Your spell library contained the following spells:

 Spells                   Type           Power      Damage    Failure   Level
 Apportation              Tloc           0%         N/A       75%         1
 Magic Dart               Conj           0%         1d3       75%         1
 Necrotise                Necr           0%         1d4       75%         1
 Shock                    Conj/Air       0%         1d3       75%         1
 Sting                    Conj/Alch      0%         1d3       75%         1
 Summon Small Mammal      Summ           0%         N/A       75%         1
 Blink                    Tloc           0%         N/A       86%         2
 Call Imp                 Summ           0%         N/A       86%         2
 Jinxbite                 Hex            0%         N/A       86%         2
 Lesser Beckoning         Tloc           0%         N/A       86%         2
 Mercury Vapours          Alch/Air       0%         N/A       86%         2
 Gell's Gravitas          Tloc           0%         N/A       98%         3
 Hailstorm                Conj/Ice       0%         3d5       98%         3
 Stone Arrow              Conj/Erth      0%         3d7       98%         3
 Summon Ice Beast         Ice/Summ       0%         N/A       98%         3
 Swiftness                Air            0%         N/A       98%         3
 Teleport Other           Tloc           0%         N/A       98%         3
 Tukima's Dance           Hex            0%         N/A       98%         3
 Vampiric Draining        Necr           0%         2d6       98%         3
 Airstrike                Air            0%         2d(0-16)  100%        4
 Animate Armour           Summ/Erth      0%         N/A       100%        4
 Brom's Barrelling Bould  Conj/Erth      0%         2d3       100%        4
 Dimensional Bullseye     Hex/Tloc       0%         N/A       100%        4
 Fulminant Prism          Conj/Alch      0%         3d5       100%        4
 Ignite Poison            Fire/Alch      0%         N/A       100%        4
 Iskenderun's Mystic Bla  Conj/Tloc      0%         2d3       100%        4
 Martyr's Knell           Necr/Summ      0%         N/A       100%        4
 Olgreb's Toxic Radiance  Alch           0%         N/A       100%        4
 Curse of Agony           Necr           0%         N/A       100%        5
 Fireball                 Conj/Fire      0%         3d3       100%        5
 Iskenderun's Battlesphe  Conj           0%         2d6       100%        5
 Summon Forest            Summ/Tloc      0%         N/A       100%        5
 Summon Mana Viper        Hex/Summ       0%         N/A       100%        5
 Yara's Violent Unravell  Hex/Alch       0%         3d3       100%        5
 Conjure Ball Lightning   Conj/Air       0%         3x3d6     100%        6
 Dispersal                Tloc           0%         N/A       100%        6
 Eringya's Noxious Bog    Alch           0%         4d6       100%        6
 Sculpt Simulacrum        Ice/Alch       0%         N/A       100%        6
 Summon Cactus Giant      Summ           0%         N/A       100%        6
 Enfeeble                 Hex            0%         N/A       100%        7
 Orb of Destruction       Conj           0%         9d5       100%        7
 Lehudib's Crystal Spear  Conj/Erth      0%         10d2      100%        8


Dungeon Overview and Level Annotations

Branches:
Dungeon (15/15) Zot: 25274  Temple (0/1) D:5            Lair (5/5) D:9 Zot: 19312
 Shoals (4/4) Lair:2 Zot: 18071  Spider (4/4) Lair:2 Zot: 17358     Orc (2/2) D:11 Zot: 10178
    Elf (0/3) Orc:2        Vaults (1/5) D:14 Zot: 4795  Depths (0/4) D:15
  Sewer (visited)         Ossuary (visited)
  Slime: Lair:4-5

Shops:
D:1 =   D:10 =   D:11 ?   D:14 [   Orc:2 :*([   Shoals:2 *

Portals:
Trove: D:12 (show slimy rune of Zot)

Annotations:
D:5 2 runed translucent doors
D:15 1 runed translucent door
Lair:5 exclusion: 3 oklob plants


Innate Abilities, Weirdness & Mutations

You have blades for hands.
You are incapable of wielding weapons or throwing items.
You have a considerably increased reservoir of magic. (+20% MP)
You shall have no god before yourself.
Your divine heritage dramatically boosts your attributes as you level up.
You have sharp toenails.
You are strong-willed. (Will+)
Your system is resistant to poisons. (rPois)


Message History

The ironbound preserver hits you with a +0 flail!
The slime creature attacks as it pursues you!
The slime creature hits you but does no damage.
The slime creature attacks as it pursues you!
The slime creature barely misses you.
The ironbound frostheart calls freezing cold from the walls.
The frost grips you. You resist.
You are encased in ice.
The ironbound preserver mumbles some strange words.
The ironbound preserver begins to accept its allies' injuries.
You hear a loud "Zot"!
The ironbound frostheart calls freezing cold from the walls.
The frost grips you. You resist.
The yaktaur captain shoots a bolt.
The bolt barely misses you.
The slime creature attacks as it pursues you!
The slime creature hits you but does no damage.
The vault warden activates a sealing rune.
A door slams shut!
The ironbound convoker gestures at the ironbound preserver while chanting.
The ironbound preserver seems to grow stronger.
The ironbound preserver casts a spell.
The ironbound preserver begins to accept its allies' injuries.
The ice encasing you melts away.
The ironbound frostheart calls freezing cold from the walls.
The frost grips you! You resist.
You are encased in ice.
The slime creature misses you.
The ironbound frostheart calls freezing cold from the walls.
The frost grips you! You resist.
The slime creature attacks as it pursues you!
The slime creature hits you! The slime creature barely misses you.
The ice encasing you melts away.
The yaktaur captain shoots a bolt.
The bolt closely misses you.
The ironbound preserver casts a spell.
The ironbound preserver begins to accept its allies' injuries.
There is an open door here.
You completely miss the slime creature.
The slime creature hits you but does no damage.
You shred the slime creature!!!
The slime creature is almost dead.
You hit the slime creature.
The slime creature is almost dead.
The slime creature completely misses you.
You hit the slime creature.
You slash the slime creature, but do no damage.
The slime creature is almost dead.
The slime creature barely misses you.
You shred the slime creature!!!
You kill the slime creature!
The yaktaur captain shoots a bolt.
The bolt hits you!
You slash the ironbound preserver!
The ironbound preserver is lightly wounded.
You hit the ironbound preserver.
The ironbound preserver is lightly wounded.
The ironbound preserver casts a spell.
The ironbound preserver begins to accept its allies' injuries.
Aiming: Charm
Press: ? - help, Shift-Dir - straight line, f - vault warden
Aim: a vault warden, wielding a +0 long sword, wearing a +0 plate armour and wearing a +0 kite shield (sheltered from injuries, chance to affect: 25%)
Okay, then.
Unknown command.
Okay, then.
You feel yourself speed up.
The vault warden hits you with a +0 long sword.
You feel very mighty all of a sudden.
The ironbound preserver hits you but does no damage.
You feel drained.
The vault warden hits you but does no damage.
You slash the vault warden!
The vault warden is lightly wounded.
You slice the ironbound preserver!!
The ironbound preserver is moderately wounded.
The vault warden hits you but does no damage.
The ironbound preserver hits you with a +2 morningstar of draining!
You feel drained.
You shred the ironbound preserver!!! You slash the ironbound preserver!
The ironbound preserver is almost dead.
You shred the ironbound preserver!!!
You kill the ironbound preserver!
You shred the yaktaur captain!!!
The yaktaur captain is severely wounded.
You slice the yaktaur captain!!
The yaktaur captain is almost dead.
The yaktaur captain unwields a +0 arbalest.
The yaktaur captain completely misses you.
You shred the yaktaur captain!!!
You kill the yaktaur captain!
The vault warden hits you with a +0 long sword!!
* * * LOW HITPOINT WARNING * * *
The vault warden blocks your attack.
The vault warden is lightly wounded.
The deep troll bites you!
* * * LOW HITPOINT WARNING * * *
The deep troll closely misses you.
The deep troll claws you but does no damage.
The ironbound frostheart calls freezing cold from the walls.
The frost grips you! You resist.
* * * LOW HITPOINT WARNING * * *
You are encased in ice.
Are you sure you want to abandon this character and quit the game? (Confirm with "yes".)

................p..p.p...........
.................p.Tp............
#####..........##################
#....รท))...# #..........#
#.........p########
#.........pp......#
#..........#Tp....#
#..........#@p....#
#..........#......# ###
#..........#......# ..#
#..........#......# ..#
#..........######## ..#
#..........# .## #..........# #.#
#..........# ..# #..........#


You could see an ironbound preserver, a vault warden, an ironbound frostheart
(strong), a deep troll and an ironbound convoker.

Vanquished Creatures
  Nikola (Spider:2)
  Arachne (Spider:2)
  Jorgrun (D:13)
  Asterion (Vaults:1)
  A titan (Shoals:3)
  A sphinx (Vaults:1)
  Kirke (D:13)
  Gastronok (Lair:3)
  Donald (Spider:2)
  Roxanne (Spider:3)
  5 emperor scorpions
  3 vault wardens (Vaults:1)
  Louise (D:15)
  3 ghost moths (Spider:4)
  An orc warlord (Orc:1)
  5 broodmothers
  8 ironbound preservers (Vaults:1)
  3 ironbound thunderhulks (Vaults:1)
  5 spark wasps
  6 merfolk impalers
  4 merfolk javelineers
  A fire dragon (D:15)
  Josephine (Lair:3)
  A rakshasa (D:12)
  2 yaktaur captains (Vaults:1)
  3 entropy weavers
  A vault guard (Vaults:1)
  3 merfolk avatars
  An ice dragon (D:15)
  7 hydras
  4 radroaches
  2 jorogumos
  Erica (Orc:1)
  3 ironbound frosthearts (Vaults:1)
  A death knight (D:15)
  2 catoblepae
  8 boulder beetles
  3 satyrs
  4 merfolk aquamancers
  5 two-headed ogres
  12 death yaks
  2 death scarabs (Spider:1)
  A tengu warrior (D:15)
  7 demonic crawlers
  Urug (Orc:1)
  An orc high priest (Orc:2)
  A hell hog (Lair:5)
  Nergalle (D:10)
  5 skysharks
  3 pharaoh ants
  Lodul (D:12)
  16 sea snakes
  21 deep trolls (Vaults:1)
  2 lindwurms
  2 sun moths
  14 orb spiders
  A phantasmal warrior (D:15)
  4 arcanists
  16 harpies
  3 steelbarb worms
  3 ironbound convokers (Vaults:1)
  6 orc knights
  Pikel (D:5)
  4 orc sorcerers
  20 wolf spiders
  11 cyclopes
  11 ugly things
  3 fauns (Shoals:3)
  12 manticores
  3 meliai (D:15)
  3 vault sentinels (Vaults:1)
  4 black mambas
  A meliai (shapeshifter) (D:15)
  26 elephants
  3 moths of wrath
  9 merfolk sirens
  2 water nymphs
  A cane toad (shapeshifter) (D:14)
  2 unseen horrors
  9 cane toads
  7 torpor snails
  A gargoyle (D:14)
  2 yaktaurs (Vaults:1)
  9 komodo dragons
  4 rime drakes
  An efreet (D:14)
  2 freezing wraiths (D:15)
  A kobold demonologist (D:13)
  A tengu conjurer (D:15)
  14 merfolk
  6 trolls
  A hornet (D:9)
  A queen bee (Orc:1)
  10 polar bears (Lair:5)
  28 tarantellas
  13 blink frogs
  3 wind drakes
  9 snapping turtles
  A tarantella (shapeshifter) (D:15)
  8 dream sheep
  2 raiju (Lair:5)
  28 slime creatures
  30 jumping spiders
  23 culicivoras
  4 wraiths
  3 shadows
  5 wyverns
  2 vampires
  6 water elementals
  Sigmund (D:2)
  46 yaks
  2 hogs (D:13)
  4 basilisks
  8 wargs
  5 steam dragons
  8 vampire mosquitoes
  44 redbacks
  Menkaure (D:5)
  16 water moccasins
  13 hell hounds (Lair:5)
  An ice beast (D:8)
  Duvessa (D:5)
  29 orc warriors
  Pargi (Sewer)
  13 black bears
  A sky beast (D:6)
  4 boggarts (Vaults:1)
  17 ogres
  4 centaurs
  35 wolves
  A brain worm (shapeshifter) (D:12)
  A weeping skull (Ossuary)
  5 kobold brigands
  15 bullfrogs
  2 brain worms (Sewer)
  3 scorpions
  4 water moccasin zombies (Ossuary)
  12 wights
  23 killer bees (Orc:1)
  Dowan (D:5)
  An electric eel (Lair:1)
  8 howler monkeys
  3 bombardier beetles
  2 hounds
  12 orc priests
  Crazy Yiuf (D:4)
  A gnoll bouda (D:9)
  A spectral scorpion (Ossuary)
  An iguana (D:5)
  15 orc wizards
  2 sleepcaps
  7 hell rats (Lair:3)
  A crocodile zombie (Ossuary)
  A bullfrog simulacrum (Ossuary)
  2 mummies (Ossuary)
  6 gnolls
  11 adders
  A shadow imp (D:6)
  2 white imps
  4 adder zombies (Ossuary)
  A ribbon worm (D:2)
  A dart slug (D:5)
  84 orcs
  7 endoplasms
  6 giant cockroaches
  11 gnoll zombies (Ossuary)
  3 goblins
  8 hobgoblins
  2 jackals
  A quokka (D:1)
  7 ball pythons
  4 bats
  6 frilled lizards
  6 jackal zombies (Ossuary)
  36 kobolds
  4 orc zombies (Ossuary)
  10 rats
1180 creatures vanquished.

Vanquished Creatures (collateral kills)
  An elephant (Lair:5)
  A cane toad (Lair:5)
2 creatures vanquished.

Vanquished Creatures (others)
  A cane toad (Lair:5)
  A culicivora (Spider:4)
  An orc priest (Orc:2)
  An orc zombie (Ossuary)
4 creatures vanquished.

Grand Total: 1186 creatures vanquished

Notes
Turn   | Place    | Note
-------+----------+-------------------------------------------
     0 | D:1      | Flugkiller the Demigod Shapeshifter began the quest for the
                  | Orb.
     0 | D:1      | Reached XP level 1. HP: 15/15 MP: 3/3
   341 | D:1      | Reached XP level 2. HP: 22/22 MP: 4/4
   341 | D:1      | Found Syrch's Jewellery Shop.
  1145 | D:2      | Reached XP level 3. HP: 27/27 MP: 5/5
  1659 | D:2      | Noticed Sigmund
  1694 | D:2      | Killed Sigmund
  1695 | D:2      | Reached skill level 5 in Unarmed Combat
  1695 | D:2      | Reached XP level 4. HP: 8/34 MP: 6/6
  1695 | D:2      | Reached XP level 5. HP: 9/39 MP: 7/7
  2079 | D:3      | Found a glowing drain.
  2100 | Sewer    | Entered a sewer
  2126 | Sewer    | Noticed Pargi
  2134 | Sewer    | Killed Pargi
  2135 | Sewer    | Reached XP level 6. HP: 43/46 MP: 8/8
  2867 | D:4      | Reached XP level 7. HP: 49/51 MP: 9/9
  3155 | D:4      | Found a runed translucent door.
  3156 | D:4      | Noticed Crazy Yiuf
  3338 | D:4      | Killed Crazy Yiuf
  3498 | D:4      | Gained mutation: You occasionally lose the ability to drink
                  | potions when taking damage. [potion of mutation]
  3498 | D:4      | Gained mutation: Your health recovers twice as slowly from
                  | being drained. [potion of mutation]
  3498 | D:4      | Gained mutation: You are agile. (Dex +4, Str/Int -1)
                  | [potion of mutation]
  3499 | D:4      | Lost mutation: You are agile. (Dex +4, Str/Int -1) [potion
                  | of mutation]
  3499 | D:4      | Lost mutation: You occasionally lose the ability to drink
                  | potions when taking damage. [potion of mutation]
  3499 | D:4      | Lost mutation: Your health recovers twice as slowly from
                  | being drained. [potion of mutation]
  3499 | D:4      | Gained mutation: Your spells are a little harder to cast,
                  | but a little more powerful. [potion of mutation]
  3499 | D:4      | Lost mutation: Your spells are a little harder to cast, but
                  | a little more powerful. [potion of mutation]
  3499 | D:4      | Gained mutation: You are frail. (-10% HP) [potion of
                  | mutation]
  3500 | D:4      | Lost mutation: You are frail. (-10% HP) [potion of
                  | mutation]
  3500 | D:4      | Gained mutation: You expend magic power (3 MP) to
                  | strengthen your wands. [potion of mutation]
  3500 | D:4      | Gained mutation: You are covered in fur. (AC +1) [potion of
                  | mutation]
  3500 | D:4      | Gained mutation: Your mind is acute. (Int +4, Str/Dex -1)
                  | [potion of mutation]
  3500 | D:4      | Gained mutation: You have sharp toenails. [potion of
                  | mutation]
  3516 | D:5      | Entered Level 5 of the Dungeon
  3516 | D:5      | Noticed Menkaure
  3764 | D:5      | Killed Menkaure
  3879 | D:5      | Noticed Pikel
  3893 | D:5      | Killed Pikel
  3894 | D:5      | Reached XP level 8. HP: 15/58 MP: 1/10
  4213 | D:4      | Reached skill level 10 in Unarmed Combat
  4241 | D:5      | Reached skill level 1 in Evocations
  4478 | D:5      | Noticed Duvessa
  4493 | D:5      | Killed Duvessa
  4570 | D:5      | Noticed Dowan
  4577 | D:5      | Killed Dowan
  4659 | D:5      | Found a runed translucent door.
  4661 | D:5      | Found a runed translucent door.
  4731 | D:5      | Found a staircase to the Ecumenical Temple.
  4860 | D:6      | Reached skill level 1 in Fighting
  4884 | D:6      | Reached skill level 3 in Shapeshifting
  5154 | D:6      | Identified the +2 dagger "Gymest" {flame, rPois rCorr}
  5181 | D:6      | Found a sand-covered staircase.
  5187 | Ossuary  | Entered an ossuary
  5212 | Ossuary  | Reached XP level 9. HP: 68/68 MP: 11/11
  5264 | Ossuary  | Reached skill level 4 in Shapeshifting
  6029 | D:7      | Identified the ring of Eternal Harmony {rN+ Will- Dex+3
                  | SInv}
  6053 | D:7      | Reached skill level 5 in Shapeshifting
  6219 | D:7      | Reached skill level 6 in Shapeshifting
  7016 | D:8      | Noticed a two-headed ogre
  7358 | D:8      | Killed a two-headed ogre
  7359 | D:8      | Reached skill level 7 in Shapeshifting
  7431 | D:8      | Reached XP level 10. HP: 61/78 MP: 10/13
  7554 | D:8      | You are sucked into a shaft and drop 3 floors!
  7733 | D:11     | Noticed a cyclops
  7736 | D:10     | Entered Level 10 of the Dungeon
  7786 | D:10     | Reached skill level 5 in Dodging
  7802 | D:10     | Noticed Nergalle
  8018 | D:10     | Found Bipnafed's Jewellery Emporium.
  8515 | D:10     | Reached skill level 5 in Fighting
  8799 | D:9      | Noticed a two-headed ogre
  8808 | D:9      | Killed a two-headed ogre
  8971 | D:9      | Noticed a death yak
  8972 | D:9      | Noticed a death yak
  8972 | D:9      | Noticed a death yak
  8972 | D:9      | Noticed a death yak
  8972 | D:9      | Noticed a death yak
  8973 | D:9      | Noticed a death yak
  8975 | D:9      | Noticed a death yak
  9310 | D:9      | Found a staircase to the Lair.
  9895 | D:9      | Paralysed by a hornet for 1 turns
 10238 | D:9      | Noticed a death yak
 10246 | D:9      | Killed a death yak
 10249 | D:9      | Noticed a death yak
 10853 | D:11     | Found a staircase to the Orcish Mines.
 10859 | D:11     | Noticed a two-headed ogre
 10990 | D:11     | Noticed a two-headed ogre
 10997 | D:11     | Killed a two-headed ogre
 10998 | D:11     | Reached XP level 11. HP: 74/89 MP: 14/14
 11083 | D:10     | Reached skill level 8 in Shapeshifting
 11477 | D:11     | Found Ibumavve's Magic Scroll Shop.
 11493 | D:11     | Bought a scroll of blinking for 105 gold pieces
 11493 | D:11     | Bought a scroll of blinking for 105 gold pieces
 12203 | Lair:1   | Entered Level 1 of the Lair of Beasts
 12279 | Lair:1   | Reached skill level 9 in Shapeshifting
 12293 | Lair:1   | HP: 2/89 [blink frog (20)]
 13034 | D:9      | Killed a death yak
 13043 | D:9      | Killed a death yak
 13044 | D:9      | Reached skill level 10 in Shapeshifting
 13335 | D:8      | Killed a death yak
 13558 | D:9      | Found a staircase to the Lair.
 13705 | D:9      | Killed a death yak
 13755 | D:8      | Killed a death yak
 14068 | D:9      | Killed a death yak
 14082 | D:9      | Killed a death yak
 14287 | D:9      | Killed a death yak
 14613 | D:9      | Found a staircase to the Lair.
 14988 | D:9      | Reached skill level 10 in Dodging
 15152 | Lair:1   | Reached XP level 12. HP: 88/96 MP: 15/15
 15558 | Lair:1   | Reached skill level 1 in Armour
 15694 | Lair:1   | Noticed a catoblepas
 15707 | Lair:1   | Killed a catoblepas
 16087 | Lair:2   | Identified the +8 trident of Subjectivity {flame, rCorr
                  | Int+2 Dex+2}
 16174 | Lair:2   | Noticed an eight-headed hydra
 16552 | Lair:2   | Killed an eight-headed hydra
 16570 | Lair:2   | Noticed a boulder beetle
 16614 | Lair:2   | Killed a boulder beetle
 16841 | Lair:2   | Reached skill level 5 in Armour
 17440 | Lair:2   | Reached skill level 11 in Shapeshifting
 17526 | Lair:2   | Found a hole to the Spider Nest.
 17958 | Lair:2   | Found a staircase to the Shoals.
 18371 | Lair:3   | Noticed Josephine
 18383 | Lair:3   | Killed Josephine
 18654 | Lair:2   | Reached XP level 13. HP: 87/103 MP: 16/16
 18745 | Lair:3   | Noticed Gastronok
 18762 | Lair:3   | Killed Gastronok
 18763 | Lair:3   | Reached skill level 12 in Shapeshifting
 19022 | Lair:3   | Identified the +0 ring mail of Hepliaklqana's Whim {Will+
                  | Str+2}
 20576 | Lair:4   | Reached skill level 13 in Shapeshifting
 21021 | Lair:4   | Reached skill level 14 in Shapeshifting
 21021 | Lair:4   | Reached XP level 14. HP: 63/111 MP: 17/17
 21693 | Lair:5   | Entered Level 5 of the Lair of Beasts
 21838 | Lair:5   | Reached skill level 15 in Shapeshifting
 23739 | D:10     | Killed Nergalle
 23760 | D:10     | Bought the amulet "Kuamoeck" {Spirit ^Drain rPois Regen+
                  | Str+4} for 660 gold pieces
 24276 | Lair:5   | Reached XP level 15. HP: 102/121 MP: 14/18
 24721 | Lair:5   | Identified the +0 robe "Ciax" {rElec rCorr Slay-5 Archmagi}
 24896 | Lair:5   | Found the +11 Singing Sword {sonic wave}
 24896 | Lair:5   | Found the +5 Force Lance {heavy, knockback}
 25231 | D:12     | Noticed Lodul
 25231 | D:12     | Found a portal to a secret trove of treasure.
 25325 | D:12     | Killed Lodul
 25814 | D:12     | Identified the +9 flail "Kohet" {holy, +Blink rF++ Stlth+}
 26618 | D:13     | Noticed Jorgrun
 26618 | D:13     | Noticed Kirke
 26633 | D:13     | Killed Kirke
 26639 | D:13     | Killed Jorgrun
 27106 | D:14     | Found Meter's Antique Armour Shoppe.
 27953 | D:14     | Found a gate to the Vaults.
 28041 | D:14     | Reached skill level 10 in Fighting
 28500 | D:15     | Entered Level 15 of the Dungeon
 28535 | D:15     | Reached skill level 16 in Shapeshifting
 28537 | D:15     | Noticed Louise
 28773 | Orc:1    | Entered Level 1 of the Orcish Mines
 28831 | Orc:1    | Noticed Erica
 28836 | Orc:1    | Noticed Urug
 28842 | Orc:1    | Killed Erica
 28851 | Orc:1    | Killed Urug
 29541 | Orc:2    | Entered Level 2 of the Orcish Mines
 30266 | Orc:2    | Found Weefefig's Book Shop.
 30282 | Orc:2    | Found Ezike's General Store.
 30298 | Orc:2    | Found Miskisit's Antique Armour Shop.
 30326 | Orc:2    | Found a staircase to the Elven Halls.
 30417 | Orc:2    | Found Weonucka's Antique Weapon Shop.
 30786 | D:15     | Killed Louise
 30787 | D:15     | Reached XP level 16. HP: 104/134 MP: 13/19
 31076 | D:15     | Found a staircase to the Depths.
 31448 | D:15     | Found a runed translucent door.
 32010 | Shoals:1 | Entered Level 1 of the Shoals
 32091 | Shoals:1 | Reached skill level 17 in Shapeshifting
 33149 | Shoals:2 | Found Xuobb's Assorted Antiques.
 33159 | Shoals:2 | Bought a shimmering silver ring for 140 gold pieces
 33159 | Shoals:2 | Identified the ring "Vicaupus" {Ice rN++ Will-} (You bought
                  | it in a shop on level 2 of the Shoals)
 33160 | Shoals:2 | Bought a diamond ring for 140 gold pieces
 33161 | Shoals:2 | Bought a scroll of blinking for 210 gold pieces
 34281 | Shoals:3 | Reached skill level 18 in Shapeshifting
 35258 | Shoals:4 | Entered Level 4 of the Shoals
 35342 | Shoals:4 | Noticed Bai Suzhen
 35690 | Shoals:3 | Bai Suzhen changed into Bai Suzhen the titan
 35690 | Shoals:3 | Noticed Bai Suzhen
 35712 | Shoals:3 | Killed Bai Suzhen the titan
 36400 | Shoals:4 | Got the Excursus on the Scorpion
 36523 | Shoals:4 | Reached skill level 19 in Shapeshifting
 36611 | Shoals:4 | Got a barnacled rune of Zot
 37159 | Shoals:4 | Identified the ring of Haviciomu {Fly rCorr}
 37693 | Spider:1 | Entered Level 1 of the Spider Nest
 37716 | Lair:2   | Reached XP level 17. HP: 136/140 MP: 17/20
 38022 | Spider:1 | You are sucked into a shaft and drop 1 floor!
 38039 | Spider:2 | Noticed Arachne
 38072 | Spider:2 | Killed Arachne
 38151 | Spider:2 | Noticed Donald
 38157 | Spider:2 | Killed Donald
 38358 | Spider:2 | Reached skill level 10 in Armour
 39094 | Spider:2 | Noticed Nikola
 39470 | Spider:1 | Gained mutation: Your body sometimes deteriorates upon
                  | taking damage. [mutagenic glow]
 39481 | Spider:1 | Gained mutation: You are occasionally teleported next to
                  | monsters. [mutagenic glow]
 39566 | Spider:1 | Lost mutation: Your mind is acute. (Int +4, Str/Dex -1)
                  | [potion of mutation]
 39566 | Spider:1 | Lost mutation: Your body sometimes deteriorates upon taking
                  | damage. [potion of mutation]
 39566 | Spider:1 | Lost mutation: You expend magic power (3 MP) to strengthen
                  | your wands. [potion of mutation]
 39566 | Spider:1 | Gained mutation: You are strong-willed. (Will+) [potion of
                  | mutation]
 39566 | Spider:1 | Gained mutation: Your system is resistant to poisons.
                  | (rPois) [potion of mutation]
 39566 | Spider:1 | Gained mutation: You are agile. (Dex +4, Str/Int -1)
                  | [potion of mutation]
 39566 | Spider:1 | Gained mutation: You are highly strong-willed. (Will++)
                  | [potion of mutation]
 39567 | Spider:1 | Lost mutation: You are agile. (Dex +4, Str/Int -1) [potion
                  | of mutation]
 39567 | Spider:1 | Lost mutation: You are covered in fur. (AC +1) [potion of
                  | mutation]
 39567 | Spider:1 | Lost mutation: You are highly strong-willed. (Will++)
                  | [potion of mutation]
 39567 | Spider:1 | Lost mutation: You are occasionally teleported next to
                  | monsters. [potion of mutation]
 39567 | Spider:1 | Gained mutation: You have a considerably increased
                  | reservoir of magic. (+20% MP) [potion of mutation]
 40071 | Spider:2 | Killed Nikola
 40546 | Spider:3 | Identified the granite talisman "Onkah" {*Slow rF++ Int+3
                  | SInv}
 40546 | Spider:3 | Noticed Roxanne
 40559 | Spider:3 | Killed Roxanne
 40939 | Spider:4 | Entered Level 4 of the Spider Nest
 44058 | Spider:4 | Reached XP level 18. HP: 155/155 MP: 21/23
 44142 | Spider:4 | Got a gossamer rune of Zot
 44690 | Vaults:1 | Entered Level 1 of the Vaults
 45482 | Vaults:1 | Noticed Asterion
 45486 | Vaults:1 | Killed Asterion
 45961 | Vaults:1 | HP: 3/158 [ironbound frostheart/creeping frost (14)]
 45962 | Vaults:1 | Quit the game

Illustrated notes

Levels and vault maps discovered:
D:1:      nagdon_arrival_double_spiral, layout_basic,
          shapermc_ecumenical_altar_notcrosses, serial_bayou,
          serial_bayou_ford_a, serial_bayou_pond_a, serial_bayou_pond_d,
          serial_bayou_pond_b, serial_shops, nicolae_shop_gaudy_bauble
D:2:      kb_forest_paths, layout_basic, columned_hall_lemuel,
          minmay_pentomino_u2, uniq_sigmund
D:3:      layout_basic, cheibrodos_sewer_entry_drain,
          kennysheep_cross_bottleneck, grunt_decor_junction
D:4:      layout_cave_pools, gammafunk_temple_overflow_statue,
          guppyfry_early_lair_pool, uniq_crazy_yiuf_cottage
D:5:      lemuel_insect_pit, layout_rooms, lightli_temple_of_fire,
          minmay_temple_entry_fiery, uniq_pikel, uniq_duvessa, uniq_menkaure
D:6:      layout_basic, lemuel_crystal_altar,
          lightli_ossuary_entry_decrepit_ruins, lexackson_kobold_supper
D:7:      layout_loops_corners, general_overflow_altar, nicolae_the_louvre
D:8:      layout_cave_pools, st_stairs_4
D:9:      layout_irregular_city, dpeg_lair_monsters
D:10:     layout_loops_ring, serial_shops, shop, corner_web_ring,
          chequers_serial_rivers_room_b, uniq_nergalle
D:11:     layout_rooms, minmay_orc_entry_temple_small, serial_shops,
          shop_scrolls
D:12:     layout_irregular_city, nicolae_trove_entry_free_sample, uniq_lodul
D:13:     layout_grid_maze, uniq_jorgrun, uniq_kirke
D:14:     layout_stronghold, david_vaults_1, serial_shops, shop
D:15:     grunt_enter_depths_hoard, layout_basic, nicolae_danse_macabre,
          uniq_louise
Lair:1:   statuecave_lemuel, layout_cave_pods
Lair:2:   layout_cave_shapes, mainiacjoe_shoals_entry_four_pools,
          spider_nest_entry_funnel_web, nicolae_lair_run_with_the_wolves
Lair:3:   layout_regular_city, grunt_megastairs_2, uniq_josephine,
          uniq_gastronok
Lair:4:   layout_loops_ring, pdpol_lair_neglected_garden, grunt_megastairs_3
Lair:5:   hangedman_lair_in_review, layout_regular_city,
          hangedman_lair_caniforms_friends, minmay_slime_entry_oklob_enclosed,
          tgw_fedhas
Shoals:1: layout_shoals, nicolae_shoals_pincushion_passage
Shoals:2: layout_shoals, serial_shops, nicolae_shop_just_a_little_nook
Shoals:3: layout_shoals
Shoals:4: shoals_end_simple, layout_shoals, uniq_bai_suzhen
Spider:1: nicolae_spider_hilbert_zone_3 [nicolae_spider_hilbert_4_sides_2_open,
          nicolae_spider_hilbert_3_sides_1_open,
          nicolae_spider_hilbert_3_sides_1_open,
          nicolae_spider_hilbert_3_sides_1_open,
          nicolae_spider_hilbert_3_sides_1_open,
          nicolae_spider_hilbert_4_sides_1_open,
          nicolae_spider_hilbert_4_sides_1_open,
          nicolae_spider_hilbert_4_sides_1_open,
          nicolae_spider_hilbert_4_sides_1_open,
          nicolae_spider_hilbert_4_sides_1_open,
          nicolae_spider_hilbert_4_sides_1_open,
          nicolae_spider_hilbert_4_sides_1_open,
          nicolae_spider_hilbert_4_sides_1_open,
          nicolae_spider_hilbert_3_sides_1_open,
          nicolae_spider_hilbert_3_sides_1_open,
          nicolae_spider_hilbert_3_sides_1_open,
          nicolae_spider_hilbert_3_sides_1_open]
Spider:2: nicolae_spider_mines_2, hellmonk_narrow_tunnel, uniq_arachne,
          uniq_nikola, uniq_donald
Spider:3: layout_spider_delve, hangedman_spider_tarantella_strand, uniq_roxanne
Spider:4: guppyfry_spider_rune
Orc:1:    layout_diamond_mine, special_room [special_room_bee],
          nicolae_orc_found_a_spring, nicolae_orc_rockfall, uniq_erica,
          uniq_urug
Orc:2:    grunt_orc_cross, layout_caves
Vaults:1: portal_desolation_entry_twin_temple, nicolae_vaults_inception_statues,
          hangedman_vaults_stream, v_rooms_1, v_rooms_3, v_misc_5,
          nicolae_vaults_diamond_2, vaults_room_pools,
          nicolae_vaults_network_periphery, nicolae_vaults_diagonal_hallway_7,
          vaults_room_grunt_arrival_ludios, nicolae_vaults_storage_room_doors,
          layout_vaults_omnicross, uniq_asterion

Skill      XL: |  1  2  3  4  5  6  7  8  9 10 11 12 13 14 15 16 17 18 |
---------------+-------------------------------------------------------+-----
Unarmed Combat | 3 4 5 6 7 9 10 11 12 13 | 13.8
Evocations     | 4 |  4.0
Fighting       | 2 4 6 7 10 12 14 | 14.0
Shapeshifting  | 3 7 10 11 14 15 16 19 | 19.0
Dodging        | 3 8 10 11 12 | 12.0
Armour         | 6 8 12 | 12.0

Action                     |  1- 3 |  4- 6 |  7- 9 | 10-12 | 13-15 | 16-18 || total
---------------------------+-------+-------+-------+-------+-------+-------++-------
  Melee: Unarmed           |   132 |    98 |   347 |   828 |  1178 |  1594 ||  4177
         Punch             |     4 |     8 |    15 |    28 |    94 |   132 ||   281
         Kick              |       |       |   119 |   183 |       |       ||   302
  Evoke: Wand              |       |       |    14 |     9 |    17 |    17 ||    57
         Condenser vane    |       |       |       |       |     1 |     2 ||     3
    Use: Scroll            |       |       |    13 |    11 |    14 |    20 ||    58
         Potion            |       |       |    11 |     3 |    11 |    19 ||    44
   Stab: Sleeping          |     1 |       |       |       |     1 |       ||     2
         Distracted        |       |       |       |     1 |     1 |       ||     2
         Invisible         |       |       |       |       |     4 |       ||     4
         Confused          |       |       |       |       |     1 |     2 ||     3
 Armour: Animal skin       |    32 |       |       |       |       |       ||    32
         Ring mail         |     5 |       |       |       |       |       ||     5
         Plate armour      |    41 |    92 |   315 |       |   550 |   475 ||  1473
         Skin              |       |       |     6 |   174 |       |       ||   180
         Steam dragon scal |       |       |    11 |   175 |   249 |       ||   435
         Storm dragon scal |       |       |       |       |       |  1419 ||  1419
  Dodge: Dodged            |    49 |    24 |    86 |   737 |  1026 |  1620 ||  3542
   Form: Flux              |       |       |       |     3 |       |       ||     3
         Blade             |       |       |       |     2 |       |       ||     2
         Maw               |       |       |       |     1 |       |       ||     1
